 Dungeon Sprint DCSS version 0.29-a0-468-ge57f7f99b4 (webtiles) character file.

Game seed: 17839273485378684235

1964 mhtbhm the Spear-Bearer (level 9, -2/82 HPs)
             Began as a Human Berserker on May 21, 2022.
             Was a High Priest of Trog.
             Slain by Erolcha
             ... wielding a +0 giant spiked club
              (18 damage)
             ... in the Dungeon (Sprint III: "The Ten Rune Challenge").
             The game lasted 00:02:20 (1663 turns).

mhtbhm the Spear-Bearer (Human Berserker)           Turns: 1663, Time: 00:02:20

Health: -2/82      AC:  2    Str: 21    XL:     9   Next: 42%
Magic:  9/9        EV: 15    Int:  9    God:    Trog [*****.]
Gold:   44         SH:  0    Dex: 12    Spells: 8/8 levels left

rFire   . . .      SeeInvis .   a - +0 spear
rCold   . . .      Faith    .   (no shield)
rNeg    . . .      Spirit   .   b - +0 animal skin
rPois   .          Reflect  .   (no helmet)
rElec   .          Harm     .   (no cloak)
rCorr   .          Rampage  .   (no gloves)
Will    .....      NoTele   +   (no boots)
Stlth   ++........              (no amulet)
HPRegen 0.23/turn               (no ring)
MPRegen 0.11/turn               (no ring)

@: on berserk cooldown, slowed, very slow
A: no striking features
a: Renounce Religion, Berserk, Trog's Hand, Brothers in Arms


You were in the Dungeon.
You worshipped Trog.
Trog was extremely pleased with you.
You visited 1 branch You collected 44 gold pieces.

Inventory:

Hand Weapons
 a - a +0 spear (weapon)
Armour
 b - a +0 animal skin (worn)
Scrolls
 h - a scroll of blinking
 i - 2 scrolls of immolation {unknown}
 j - a scroll of torment {unknown}
 k - 2 scrolls of identify
 m - a scroll of enchant weapon {unknown}
Potions
 c - a potion of curing
 d - 2 potions of heal wounds
 e - a potion of haste
 f - 2 potions of magic
 g - 2 potions of berserk rage
 l - 3 potions of flight
 n - 6 potions of mutation
Miscellaneous
 o - a lightning rod (4/4)


   Skills:
 + Level 12.0 Fighting
 + Level 13.5 Polearms
 + Level 5.7 Armour
 + Level 8.2 Dodging
 + Level 3.2 Stealth
 + Level 0.4 Evocations


You had 8 spell levels left.
You didn't know any spells.
Your spell library was empty.

Dungeon Overview and Level Annotations

Branches:
Dungeon (1/1)

Altars:
Cheibriados
Dithmenos
Elyvilon
Fedhas
Gozag
Hepliaklqana
Kikubaaqudgha
Makhleb
Nemelex Xobeh
Okawaru
Qazlal
Ru
Sif Muna
Trog
Uskayaw
Vehumet
Wu Jian
Xom
Yredelemnul
Zin
The Shining One
Beogh
Jiyva
Lugonu

Annotations:
D Erolcha


Message History

Erolcha is heavily wounded.
You barely miss Erolcha.
Erolcha is heavily wounded.
You hit Erolcha.
Erolcha is severely wounded.
Erolcha gestures wildly while chanting.
Erolcha flickers and vanishes!
Deactivating autopickup; reactivate with Ctrl-A.
No target in view!
No target in view!
No target in view!
No target in view!
No target in view!
No target in view!
No target in view!
No target in view!
No target in view!
No target in view!
No target in view!
No target in view!
You hit something. You hit something. You hit something.
You hear some strange, mumbled words.
You miss something. You hit something. You punch something. You hit something.
Something hits you!!!
You barely miss something. You closely miss something.
You are no longer berserk.
You are exhausted.
You feel yourself slow down.
You closely miss something. You completely miss something. Something hits you!!
* * * LOW HITPOINT WARNING * * *
You hit something but do no damage.
You hear some strange, mumbled words.
You hit something. You closely miss something. Something hits you!!
You die...

##### _#__# )#)_#
##'## ....# ....#
###)#
#...#+##############
#...#....#.#.#..@{.#
#...##.#..#.##.###.#
#...'##)#.#.##.#..##
'...#.).#..#..##..
▓▓▓▓▓▓▓▓▓▓▓▓▓▓▓▓▓▓


There were no monsters in sight!

Vanquished Creatures
  A deep elf pyromancer (D)
  A shadow (D)
  A spatial vortex (D)
  5 two-headed ogres (D)
  A necrophage (D)
  A water elemental (D)
  A jelly (D)
  A wizard (D)
  Jessica (D)
  A necromancer (D)
  3 humans (D)
  A kobold demonologist (D)
  A phantom (D)
  An endoplasm (D)
  2 rats (D)
22 creatures vanquished.

Notes
Turn   | Place    | Note
-------+----------+-------------------------------------------
     0 | D        | mhtbhm the Human Berserker began the quest for the Orb.
     0 | D        | Reached XP level 1. HP: 18/18 MP: 1/1
    56 | D        | Noticed Jessica
    60 | D        | Killed Jessica
    60 | D        | Reached ** piety under Trog
    61 | D        | Reached skill level 4 in Polearms
    61 | D        | Reached XP level 2. HP: 26/26 MP: 2/2
    61 | D        | Reached XP level 3. HP: 31/31 MP: 3/3
   202 | D        | Reached skill level 5 in Fighting
   202 | D        | Reached skill level 5 in Polearms
   203 | D        | Reached XP level 4. HP: 39/39 MP: 4/4
   249 | D        | Noticed a water elemental
   253 | D        | Killed a water elemental
   253 | D        | Reached *** piety under Trog
   254 | D        | Reached skill level 6 in Polearms
   254 | D        | Reached XP level 5. HP: 46/46 MP: 5/5
   287 | D        | Found a basalt altar of Yredelemnul.
   287 | D        | Found a shadowy altar of Dithmenos.
   287 | D        | Found a sacrificial altar of Ru.
   295 | D        | Reached skill level 7 in Polearms
   300 | D        | Reached XP level 6. HP: 44/55 MP: 6/6
   438 | D        | Found a glowing silver altar of Zin.
   438 | D        | Found a glowing golden altar of the Shining One.
   438 | D        | Found a white marble altar of Elyvilon.
   438 | D        | Noticed a deep elf pyromancer
   439 | D        | Found a hide-covered altar of Uskayaw.
   439 | D        | Found an iron altar of Okawaru.
   439 | D        | Found a bloodstained altar of Trog.
   439 | D        | Found an ornate altar of the Wu Jian Council.
   439 | D        | Noticed a human
   439 | D        | Noticed a human
   444 | D        | Killed a human
   445 | D        | Reached skill level 9 in Polearms
   445 | D        | Reached skill level 5 in Dodging
   449 | D        | Killed a deep elf pyromancer
   449 | D        | Reached **** piety under Trog
   450 | D        | Reached skill level 10 in Fighting
   450 | D        | Reached skill level 11 in Polearms
   450 | D        | Reached skill level 5 in Armour
   450 | D        | Reached XP level 7. HP: 52/67 MP: 7/7
   450 | D        | Reached XP level 8. HP: 56/73 MP: 8/8
   455 | D        | Killed a human
   672 | D        | Found a radiant altar of Vehumet.
   672 | D        | Found a shimmering blue altar of Sif Muna.
   672 | D        | Found an ancient bone altar of Kikubaaqudgha.
   693 | D        | Noticed an orange demon
   701 | D        | Reached ***** piety under Trog
   701 | D        | Received a gift from Trog
   932 | D        | Noticed a shadow
   940 | D        | Killed a shadow
   941 | D        | Reached skill level 12 in Polearms
  1133 | D        | Found a blossoming altar of Fedhas.
  1133 | D        | Found a stormy altar of Qazlal.
  1133 | D        | Found a snail-covered altar of Cheibriados.
  1133 | D        | Found a burning altar of Makhleb.
  1133 | D        | Found a shimmering altar of Xom.
  1134 | D        | Found a hazy altar of Hepliaklqana.
  1134 | D        | Found an opulent altar of Gozag.
  1134 | D        | Found a sparkling altar of Nemelex Xobeh.
  1134 | D        | Found a corrupted altar of Lugonu.
  1134 | D        | Found a viscous altar of Jiyva.
  1153 | D        | Reached skill level 1 in Stealth
  1326 | D        | Reached XP level 9. HP: 60/81 MP: 9/9
  1496 | D        | Noticed a two-headed ogre
  1523 | D        | Killed a two-headed ogre
  1524 | D        | Reached skill level 13 in Polearms
  1633 | D        | Noticed a two-headed ogre
  1633 | D        | Noticed Erolcha
  1642 | D        | Killed a two-headed ogre
  1663 | D        | Slain by Erolcha

Illustrated notes

Levels and vault maps discovered:
D:        dungeon_sprint_mu [sprint_mu_entry_forest, sprint_mu_temple_rooms,
          sprint_mu_d1_spiders, sprint_mu_d2_genie, sprint_mu_d3_branching,
          sprint_mu_orc_legion, sprint_mu_elf_gauntlet, sprint_mu_hive_nellie,
          sprint_mu_lair_fedhas, sprint_mu_vaults_butterflies,
          sprint_mu_slime_circle, sprint_mu_shoals_archi,
          sprint_mu_snake_twists, sprint_mu_blade_basic,
          sprint_mu_crypt_fortress, sprint_mu_tomb_spiral,
          sprint_mu_vestibule_basic, sprint_mu_gehenna_hellfire,
          sprint_mu_dis_giant, sprint_mu_tartarus_statrot,
          sprint_mu_cocytus_islands, sprint_mu_zot1]

Skill      XL: |  1  2  3  4  5  6  7  8  9 |
---------------+----------------------------+-----
Fighting       | 4 5 6 7 10 11 12 | 12.0
Polearms       | 4 5 6 7 11 12 13 | 13.5
Dodging        | 3 4 6 7 8 |  8.2
Armour         | 3 5 |  5.7
Stealth        | 1 3 |  3.2
Evocations     | |  0.4

Action                   |  1- 3 |  4- 6 |  7- 9 || total
-------------------------+-------+-------+-------++-------
Melee: Spear             |    21 |    22 |   117 ||   160
       Punch             |       |       |     2 ||     2
Invok: Berserk           |     2 |     3 |     5 ||    10
Evoke: Lightning rod     |       |       |     3 ||     3
 Stab: Sleeping          |       |       |     2 ||     2
Armor: Animal skin       |       |       |    10 ||    10
Dodge: Dodged            |     3 |     3 |    47 ||    53

Table legend: (Time is in decaauts)
 A = Elapsed time spent in this place.
 B = Non-inter-level travel time spent in this place.
 C = Inter-level travel time spent in this place.
 D = Time resting spent in this place.
 E = Time spent auto-exploring this place.
 F = Levels seen in this place.
 G = Mean time per level.
                   A        B        C        D        E       F      G
               +--------+--------+--------+--------+--------+-----+--------+
         Total |   1679 |   1679 |      0 |   1297 |     48 |   1 | 1679.0 |
       Dungeon |   1679 |   1679 |      0 |   1297 |     48 |   1 | 1679.0 |
               +--------+--------+--------+--------+--------+-----+--------+

Top non-repeatable levels by time:
       D: 1679 daAuts
